BLB
PAWTUCKET PATRIOTS @ HARTFORD WHALERS
08/12/2059
 
TOP OF THE 1ST
Pawtucket Patriots batting - Pitching for Hartford Whalers : RHP Rich Mount
Pitching: RHP Rich Mount
Batting: RHB Keith Friday 0-0: Ball
1-0: Called Strike
1-1: Ball
2-1: Called Strike
2-2: Foul Ball, location: 2F
2-2: Strikes out swinging
Batting: SHB Cody Janway 0-0: SINGLE (Groundball, 34D, EV 96.9 MPH)
Batting: LHB Justin Knight 0-0: Ball
1-0: Called Strike
1-1: Ball
2-1: Fly out, F7 (Flyball, 7, EV 91.2 MPH)
Batting: RHB Carter Kocher 0-0: Called Strike
Cody Janway is caught stealing 2nd base 2-4
Top of the 1st over - 0 runs, 1 hit, 0 errors, 0 left on base; Pawtucket 0 - Hartford 0
BOTTOM OF THE 1ST
Hartford Whalers batting - Pitching for Pawtucket Patriots : LHP Brendin Basham
Pitching: LHP Brendin Basham
Batting: RHB Thomas Anderson 0-0: Ball
1-0: Ground out 4-3 (Groundball, 4S, EV 68.1 MPH)
Batting: RHB Reilly Wren 0-0: Called Strike
0-1: Foul Ball, location: 2F
0-2: Ball
1-2: Ground out 6-3 (Groundball, 6, EV 85.0 MPH)
Batting: LHB Ian Schreiber 0-0: Ball
1-0: Ball
2-0: Called Strike
2-1: Fly out, F9 (Flyball, 9D, EV 81.2 MPH)
Bottom of the 1st over - 0 runs, 0 hits, 0 errors, 0 left on base; Pawtucket 0 - Hartford 0
TOP OF THE 2ND
Pawtucket Patriots batting - Pitching for Hartford Whalers : RHP Rich Mount
Batting: RHB Carter Kocher 0-0: Called Strike
0-1: Ball
1-1: SINGLE (Line Drive, 4D, EV 106.2 MPH)
Batting: LHB Brandt Bagishaev 0-0: Called Strike
0-1: Ball
1-1: Swinging Strike
1-2: Strikes out swinging
Batting: RHB Brayden Carlson 0-0: Swinging Strike
0-1: Ball
1-1: Foul Ball, location: 2F
1-2: Strikes out looking
Batting: LHB Gaige King 0-0: Ground out U3 (Groundball, 34, EV 86.9 MPH)
Top of the 2nd over - 0 runs, 1 hit, 0 errors, 1 left on base; Pawtucket 0 - Hartford 0
BOTTOM OF THE 2ND
Hartford Whalers batting - Pitching for Pawtucket Patriots : LHP Brendin Basham
Batting: LHB Amric Robinson 0-0: Called Strike
0-1: Ball
1-1: Swinging Strike
1-2: Ball
2-2: Foul Ball, location: 2F
2-2: Ball
3-2: Base on Balls
Batting: LHB Houston Yap 0-0: Ball
1-0: DOUBLE (Line Drive, 5D, EV 101.9 MPH)
Amric Robinson to third
Batting: RHB Zyaire Semijenov 0-0: Called Strike
0-1: SINGLE (Groundball, 6S, EV 65.0 MPH) (infield hit)
Amric Robinson scores
Houston Yap to third
Batting: LHB Gene Grimes 0-0: Ball
1-0: Called Strike
1-1: Foul Ball, location: 2F
1-2: Foul Ball, location: 2F
1-2: Ball
2-2: Ball
3-2: Foul Ball, location: 2F
3-2: Foul Ball, location: 2F
3-2: Base on Balls
Zyaire Semijenov to second
Batting: RHB Doug Day 0-0: Called Strike
0-1: Grounds into double play, 4-6-3 (Groundball, 34D, EV 102.5 MPH)
Houston Yap scores
Zyaire Semijenov to third
Batting: RHB Dave Babb 0-0: Ball
1-0: Ground out 4-3 (Groundball, 4, EV 84.4 MPH)
Bottom of the 2nd over - 2 runs, 2 hits, 0 errors, 1 left on base; Pawtucket 0 - Hartford 2
TOP OF THE 3RD
Pawtucket Patriots batting - Pitching for Hartford Whalers : RHP Rich Mount
Batting: RHB Tymell Wade 0-0: Called Strike
0-1: Ball
1-1: Swinging Strike
1-2: Strikes out swinging
Batting: RHB Brenden Morris 0-0: Ball
1-0: Called Strike
1-1: Swinging Strike
1-2: Strikes out swinging
Batting: RHB Keith Friday 0-0: SINGLE (Line Drive, 6MD, EV 96.2 MPH)
Batting: SHB Cody Janway 0-0: Foul Ball, location: 2F
0-1: Foul Ball, location: 2F
0-2: Foul Ball, location: 2F
0-2: Ball
1-2: Fly out, F7 (Flyball, 7, EV 90.6 MPH)
Top of the 3rd over - 0 runs, 1 hit, 0 errors, 1 left on base; Pawtucket 0 - Hartford 2
BOTTOM OF THE 3RD
Hartford Whalers batting - Pitching for Pawtucket Patriots : LHP Brendin Basham
Batting: RHB Thomas Anderson 0-0: Ball
1-0: Swinging Strike
1-1: Ground out 5-3 (Groundball, 56S, EV 80.0 MPH)
Batting: RHB Reilly Wren 0-0: Swinging Strike
0-1: Fly out, F5 (Popup, 5S, EV 71.2 MPH)
Batting: LHB Ian Schreiber 0-0: SINGLE (Line Drive, 34D, EV 105.0 MPH)
Batting: LHB Amric Robinson 0-0: Ball
1-0: Ball
2-0: Foul Ball, location: 2F
2-1: Called Strike
2-2: Ball
3-2: Base on Balls
Ian Schreiber to second
Batting: LHB Houston Yap 0-0: Fly out, F7 (Line Drive, 8LM, EV 83.8 MPH)
Bottom of the 3rd over - 0 runs, 1 hit, 0 errors, 2 left on base; Pawtucket 0 - Hartford 2
TOP OF THE 4TH
Pawtucket Patriots batting - Pitching for Hartford Whalers : RHP Rich Mount
Batting: LHB Justin Knight 0-0: Called Strike
0-1: Ground out 6-3 (Groundball, 6, EV 110.0 MPH)
Batting: RHB Carter Kocher 0-0: Ball
1-0: Ball
2-0: Called Strike
2-1: Ground out 5-3 (Groundball, 15, EV 90.0 MPH)
Batting: LHB Brandt Bagishaev 0-0: Ball
1-0: Ground out 5-3 (Groundball, 56, EV 88.8 MPH)
Top of the 4th over - 0 runs, 0 hits, 0 errors, 0 left on base; Pawtucket 0 - Hartford 2
BOTTOM OF THE 4TH
Hartford Whalers batting - Pitching for Pawtucket Patriots : LHP Brendin Basham
Batting: RHB Zyaire Semijenov 0-0: Ground out 5-3 (Groundball, 5, EV 90.6 MPH)
Batting: LHB Gene Grimes 0-0: Called Strike
0-1: Ball
1-1: Ball
2-1: Foul Ball, location: 2F
2-2: Foul Ball, location: 2F
2-2: Fly out, F8 (Line Drive, 8LS, EV 90.0 MPH)
Batting: RHB Doug Day 0-0: Called Strike
0-1: Ball
1-1: Ball
2-1: Ball
3-1: Foul Ball, location: 2F
3-2: Base on Balls
Batting: RHB Dave Babb 0-0: Called Strike
0-1: Foul Ball, location: 2F
0-2: Foul Ball, location: 2F
0-2: Ground out 4-3 (Groundball, 4, EV 86.2 MPH)
Bottom of the 4th over - 0 runs, 0 hits, 0 errors, 1 left on base; Pawtucket 0 - Hartford 2
TOP OF THE 5TH
Pawtucket Patriots batting - Pitching for Hartford Whalers : RHP Rich Mount
Batting: RHB Brayden Carlson 0-0: Ball
1-0: Ball
2-0: Foul Ball, location: 2F
2-1: Foul Ball, location: 2F
2-2: Foul Ball, location: 2F
2-2: Ground out 6-3 (Groundball, 6, EV 85.0 MPH)
Batting: LHB Gaige King 0-0: Ball
1-0: SINGLE (Groundball, 4M, EV 95.6 MPH) (infield hit)
Batting: RHB Tymell Wade 0-0: Called Strike
0-1: Foul Ball, location: 2F
0-2: Strikes out looking
Batting: RHB Brenden Morris 0-0: Fly out, F7 (Flyball, 78M, EV 81.9 MPH)
Top of the 5th over - 0 runs, 1 hit, 0 errors, 1 left on base; Pawtucket 0 - Hartford 2
BOTTOM OF THE 5TH
Hartford Whalers batting - Pitching for Pawtucket Patriots : LHP Brendin Basham
Batting: RHB Thomas Anderson 0-0: Called Strike
0-1: Foul Ball, location: 2F
0-2: Strikes out looking
Batting: RHB Reilly Wren 0-0: Ball
1-0: Fly out, F7 (Flyball, 7D, EV 98.8 MPH)
Batting: LHB Ian Schreiber 0-0: Fly out, F8 (Line Drive, 78M, EV 105.6 MPH)
Bottom of the 5th over - 0 runs, 0 hits, 0 errors, 0 left on base; Pawtucket 0 - Hartford 2
TOP OF THE 6TH
Pawtucket Patriots batting - Pitching for Hartford Whalers : RHP Rich Mount
Batting: RHB Keith Friday 0-0: Ball
1-0: Called Strike
1-1: Ground out 4-3 (Groundball, 4, EV 86.9 MPH)
Batting: SHB Cody Janway 0-0: Called Strike
0-1: Ball
1-1: Fly out, F1 (Line Drive, P, EV 73.1 MPH)
Batting: LHB Justin Knight 0-0: SINGLE (Line Drive, 78M, EV 89.4 MPH)
Batting: RHB Carter Kocher 0-0: Called Strike
0-1: Foul Ball, location: 2F
0-2: Ball
1-2: SINGLE (Line Drive, 8LS, EV 107.5 MPH)
Justin Knight to second
Batting: LHB Brandt Bagishaev 0-0: Ball
1-0: Ball
2-0: Fly out, F9 (Flyball, 89D, EV 97.5 MPH)
Top of the 6th over - 0 runs, 2 hits, 0 errors, 2 left on base; Pawtucket 0 - Hartford 2
BOTTOM OF THE 6TH
Hartford Whalers batting - Pitching for Pawtucket Patriots : LHP Brendin Basham
Batting: LHB Amric Robinson 0-0: Foul Ball, location: 2F
0-1: Ball
1-1: Foul Ball, location: 2F
1-2: DOUBLE (Flyball, 89XD, EV 106.2 MPH)
Batting: LHB Houston Yap 0-0: Ball
Wild Pitch!
Amric Robinson to third
1-0: Ball
2-0: Called Strike
2-1: SINGLE (Groundball, 6S, EV 66.9 MPH) (infield hit)
Amric Robinson scores
Batting: RHB Zyaire Semijenov 0-0: Ball
1-0: SINGLE (Groundball, 34D, EV 95.0 MPH)
Houston Yap to second
Houston Yap to third
Batting: LHB Gene Grimes 0-0: Foul Ball, location: 2F
0-1: Ball
1-1: SINGLE (Groundball, 34D, EV 97.5 MPH)
Houston Yap scores
Zyaire Semijenov to second
Runner from 2nd tries for 3rd, SAFE, throw by RF made to third
Gene Grimes to second
Batting: RHB Doug Day 0-0: Ground out 4-3 (Groundball, 4, EV 106.2 MPH)
Zyaire Semijenov scores
Gene Grimes to third
Pitching: LHP Zachary Jackson
Batting: RHB Dave Babb 0-0: Called Strike
0-1: Swinging Strike
0-2: Ball
1-2: Ball
2-2: Ground out 6-3 (Groundball, 6, EV 95.6 MPH)
Gene Grimes scores
Batting: RHB Thomas Anderson 0-0: Ball
1-0: Ball
2-0: Ball
3-0: Called Strike
3-1: Fly out, F3 (Popup, 23F, EV 85.6 MPH)
Bottom of the 6th over - 4 runs, 4 hits, 0 errors, 0 left on base; Pawtucket 0 - Hartford 6
TOP OF THE 7TH
Pawtucket Patriots batting - Pitching for Hartford Whalers : RHP Rich Mount
Batting: RHB Brayden Carlson 0-0: Swinging Strike
0-1: Ball
1-1: Ball
2-1: Foul Ball, location: 2F
2-2: DOUBLE (Groundball, 5L, EV 100.6 MPH)
Batting: LHB Gaige King 0-0: Swinging Strike
0-1: Foul Ball, location: 2F
0-2: Strikes out looking
Batting: RHB Tymell Wade 0-0: Swinging Strike
0-1: Ball
1-1: Called Strike
1-2: Fly out, F9 (Flyball, 9, EV 83.8 MPH)
Batting: RHB Brenden Morris 0-0: Ball
1-0: Ball
2-0: Ball
3-0: Called Strike
3-1: Base on Balls
Batting: RHB Keith Friday 0-0: Foul Ball, location: 2F
0-1: Fly out, F9 (Flyball, 9, EV 90.6 MPH)
Top of the 7th over - 0 runs, 1 hit, 0 errors, 2 left on base; Pawtucket 0 - Hartford 6
BOTTOM OF THE 7TH
Hartford Whalers batting - Pitching for Pawtucket Patriots : LHP Zachary Jackson
Batting: RHB Reilly Wren 0-0: Foul Ball, location: 2F
0-1: Called Strike
0-2: Ball
1-2: Strikes out looking
Batting: LHB Ian Schreiber 0-0: Fly out, F7 (Flyball, 7, EV 93.1 MPH)
Batting: LHB Amric Robinson 0-0: Ball
1-0: Ball
2-0: SINGLE (Groundball, 23, EV 73.8 MPH) (infield hit)
Batting: LHB Houston Yap 0-0: SINGLE (Flyball, 8LS, EV 90.6 MPH)
Amric Robinson to second
Batting: RHB Zyaire Semijenov 0-0: Called Strike
0-1: Ball
1-1: Ball
2-1: Foul Ball, location: 2F
2-2: Ball
3-2: Foul Ball, location: 2F
3-2: Strikes out swinging
Bottom of the 7th over - 0 runs, 2 hits, 0 errors, 2 left on base; Pawtucket 0 - Hartford 6
TOP OF THE 8TH
Pawtucket Patriots batting - Pitching for Hartford Whalers : RHP Rich Mount
Batting: SHB Cody Janway 0-0: Ground out U3 (Groundball, 3, EV 106.2 MPH)
Batting: LHB Justin Knight 0-0: Ball
1-0: Ball
2-0: DOUBLE (Groundball, 3L, EV 93.8 MPH)
Batting: RHB Carter Kocher 0-0: Ball
1-0: Swinging Strike
1-1: Ball
2-1: Swinging Strike
2-2: SINGLE (Line Drive, 78S, EV 105.0 MPH)
Justin Knight to third
Pitching: LHP Noel Fetter
Pinch Hitting: RHB R.C. Sloan 0-0: Ball
1-0: Swinging Strike
1-1: SINGLE (Flyball, 6D, EV 96.9 MPH)
Justin Knight scores
Carter Kocher to second
Batting: RHB Brayden Carlson 0-0: Ball
1-0: Foul Ball, location: 2F
1-1: Called Strike
1-2: Grounds into double play, 4-6-3 (Groundball, 4M, EV 96.9 MPH)
Top of the 8th over - 1 run, 3 hits, 0 errors, 1 left on base; Pawtucket 1 - Hartford 6
BOTTOM OF THE 8TH
Hartford Whalers batting - Pitching for Pawtucket Patriots : LHP Zachary Jackson
Now at 1B: R.C. Sloan
Batting: LHB Gene Grimes 0-0: Fly out, F7 (Flyball, 78M, EV 92.5 MPH)
Batting: RHB Doug Day 0-0: Foul Ball, location: 2F
0-1: SINGLE (Line Drive, 9S, EV 108.1 MPH)
Pitching: RHP Quin Mueller
Batting: RHB Dave Babb 0-0: Foul Ball, location: 2F
0-1: TRIPLE (Line Drive, 78XD, EV 105.6 MPH)
Doug Day scores
Batting: RHB Thomas Anderson 0-0: Foul Ball, location: 2F
0-1: Swinging Strike
0-2: Ball
1-2: Fly out, F8 (Line Drive, 78M, EV 92.5 MPH)
Runner from 3rd tags up, SCORES, no throw by CF
Batting: RHB Reilly Wren 0-0: Ball
1-0: Foul Ball, location: 2F
1-1: Ball
2-1: Foul Ball, location: 2F
2-2: Ball
3-2: Ground out 5-3 (Groundball, 5S, EV 82.5 MPH)
Bottom of the 8th over - 2 runs, 2 hits, 0 errors, 0 left on base; Pawtucket 1 - Hartford 8
TOP OF THE 9TH
Pawtucket Patriots batting - Pitching for Hartford Whalers : LHP Noel Fetter
Batting: LHB Gaige King 0-0: Ground out U3 (Groundball, 34S, EV 83.8 MPH)
Batting: RHB Tymell Wade 0-0: Ball
1-0: Ball
2-0: Ball
3-0: Called Strike
3-1: Fly out, F9 (Flyball, 89M, EV 90.0 MPH)
Batting: RHB Brenden Morris 0-0: Foul Ball, location: 2F
0-1: Fly out, F7 (Flyball, 7S, EV 83.1 MPH)
Top of the 9th over - 0 runs, 0 hits, 0 errors, 0 left on base; Pawtucket 1 - Hartford 8
Saturday, March 23rd , 2024 - OOTP Baseball 23.10 Build 110